 Dungeon Crawl Stone Soup version 0.23.2-30-g0e89c35649 (webtiles) character file.

Game seed: 5480089485945970617

326 H0rd4k the Charlatan (level 6, -4/46 HPs)
             Began as a Human Artificer on June 19, 2019.
             Slain by Duvessa
             ... wielding a +0 rapier
              (10 damage)
             ... on level 5 of the Dungeon.
             The game lasted 00:07:15 (5474 turns).

H0rd4k the Charlatan (Human Artificer)              Turns: 5474, Time: 00:07:15

Health: -4/46      AC:  4    Str: 14    XL:     6   Next: 79%
Magic:  8/8        EV: 13    Int: 12    God:
Gold:   106        SH:  0    Dex: 13    Spells: 5/5 levels left

rFire    x . .     SeeInvis .   w - +2 hand axe (chop)
rCold    + . .     Gourm    .   (no shield)
rNeg     . . .     Faith    .   b - +1 leather armour
rPois    .         Spirit   .   (no helmet)
rElec    .         Reflect  .   (no cloak)
rCorr    .         Harm     .   (no gloves)
MR       .....                  (no boots)
Stlth    ++........             (no amulet)
HPRegen  0.15/turn              G - ring of ice
MPRegen  0.11/turn              z - ring of flight

@: no status effects
A: no striking features
a: Evoke Flight


You were on level 5 of the Dungeon.
You were hungry.

You visited 1 branch of the dungeon, and saw 5 of its levels.

You collected 106 gold pieces.

Inventory:

Hand Weapons
 a - a +0 short sword
 o - a +0 hunting sling
 w - a +2 hand axe of chopping (weapon)
 D - a +1 short sword of electrocution
Missiles
 u - 77 stones (quivered)
 B - 19 sling bullets
Armour
 b - a +1 leather armour (worn)
Jewellery
 z - a ring of flight (right hand)
 G - a ring of ice (left hand)
Wands
 c - a wand of flame (4)
 d - a wand of enslavement (15)
 e - a wand of random effects (15)
 t - a wand of polymorph (12)
 E - a wand of digging (5)
Scrolls
 g - 3 scrolls of enchant armour
 h - 4 scrolls of identify
 i - a scroll of blinking
 m - a scroll of fear
 p - a scroll of fog
 q - 4 scrolls of teleportation
 x - 2 scrolls of remove curse
Potions
 j - 2 potions of curing
 k - a potion of ambrosia
 l - a potion of mutation {unknown}
 n - a potion of lignification {unknown}
 r - 2 potions of brilliance
 v - 3 potions of cancellation {unknown}
 A - 3 potions of agility {unknown}
 F - a potion of might
Comestibles
 f - 14 rations


   Skills:
 + Level 2.8 Fighting
 + Level 1.7 Short Blades
 + Level 1.9 Axes
 + Level 0.1 Slings
 + Level 2.5 Armour
 + Level 3.1 Dodging
 + Level 2.0 Stealth
 + Level 3.9 Evocations


You had 5 spell levels left.
You didn't know any spells.
Your spell library was empty.

Dungeon Overview and Level Annotations

Branches:
Dungeon (5/15)
 Temple: D:4-7

Altars:
Nemelex Xobeh
Trog
Zin

Annotations:
D:3 exclusions: 2 downstairs and 1 more exclusion
D:4 exclusions: downstairs and 1 more exclusion
D:5 1 exclusion, Dowan, Duvessa, Eustachio


Message History

Dowan gestures wildly while chanting.
Dowan blinks!
Duvessa hits you with a +0 rapier!
You hit Duvessa but do no damage.
Duvessa is lightly wounded.
Duvessa misses you.
You hit Duvessa but do no damage.
Duvessa is lightly wounded.
Dowan casts a spell at Duvessa.
Duvessa seems to speed up.
Duvessa hits you with a +0 rapier.
You hit Duvessa.
Duvessa is moderately wounded.
Duvessa hits you with a +0 rapier.
You closely miss Duvessa.
Duvessa is moderately wounded.
Duvessa hits you with a +0 rapier! x2
* * * LOW HITPOINT WARNING * * *
You closely miss Duvessa.
Duvessa is moderately wounded.
Duvessa hits you but does no damage. Duvessa hits you with a +0 rapier!
You die...

.# ## J# #.. .# # #..##
...# #.#...b
.#.#.....##J ..#..#.#
#ยง #.##.#######.#
#.#.####< #....ee@....##
##.......
.?.#########.###........
##.#.##.#####
##.......... ###########


You could see Duvessa and Dowan.

Vanquished Creatures
  A hound (D:4)
  An orc priest (D:3)
  An orc wizard (D:3)
  A worker ant (D:4)
  6 gnolls
  4 adders
  A shadow imp (D:5)
  3 oozes
  3 worms
  A dart slug (D:2)
  2 leopard geckos
  7 orcs (D:4)
  5 bats
  3 giant cockroaches
  7 goblins
  11 hobgoblins
  15 jackals
  A quokka (D:2)
  A ball python (D:2)
  3 frilled lizards
  4 kobolds
  6 rats
87 creatures vanquished.

Notes
Turn   | Place    | Note
-------+----------+-------------------------------------------
     0 | D:1      | H0rd4k the Human Artificer began the quest for the Orb.
     0 | D:1      | Reached XP level 1. HP: 15/15 MP: 3/3
   268 | D:1      | Reached XP level 2. HP: 18/21 MP: 4/4
   689 | D:1      | Reached XP level 3. HP: 26/26 MP: 5/5
  1308 | D:2      | Reached skill level 1 in Armour
  1309 | D:2      | Reached XP level 4. HP: 8/32 MP: 6/6
  2187 | D:3      | Reached XP level 5. HP: 33/37 MP: 7/7
  2254 | D:3      | Found a sparkling altar of Nemelex Xobeh.
  2944 | D:3      | Found a bloodstained altar of Trog.
  3719 | D:3      | Reached XP level 6. HP: 9/46 MP: 8/8
  4310 | D:4      | Found a glowing silver altar of Zin.
  4310 | D:4      | Noticed an angel
  4365 | D:4      | Reached skill level 1 in Axes
  5228 | D:5      | Entered Level 5 of the Dungeon
  5295 | D:5      | Noticed Eustachio
  5460 | D:5      | Noticed Dowan
  5461 | D:5      | Noticed Duvessa
  5474 | D:5      | Slain by Duvessa

Skill      XL: |  1  2  3  4  5  6 |
---------------+-------------------+-----
Armour         | 1 2 |  2.5
Fighting       | 2 |  2.8
Axes           | 1 |  1.9
Dodging        | 3 |  3.1
Stealth        | 2 |  2.0
Short Blades   | |  1.7
Slings         | |  0.1
Evocations     | |  3.9

Action                   |  1- 3 |  4- 6 || total
-------------------------+-------+-------++-------
Melee: Short sword       |   124 |    56 ||   180
       Hand axe          |       |   169 ||   169
 Fire: Hunting sling     |       |     5 ||     5
Evoke: Wand              |     1 |    10 ||    11
  Use: Potion            |       |     3 ||     3
       Scroll            |       |     9 ||     9
 Stab: Sleeping          |     1 |       ||     1
  Eat: Chunk             |     1 |    13 ||    14
Armor: Leather armour    |    30 |    68 ||    98
Dodge: Dodged            |    82 |   187 ||   269
